TOP OF THE 1ST |
Chesapeake Continentals batting - Pitching for San Bernardino Grasshoppers : RHP Pablo Vargas
|
Pitching: RHP Pablo Vargas
|
|
Batting: RHB Gustavo Varela
|
0-0: Ball 1-0: Called Strike 1-1: Called Strike 1-2: Ball 2-2: Fly out, F9 (Flyball, 89D)
|
Batting: SHB Pablo Vázquez
|
0-0: Ball 1-0: Ball 2-0: Ball 3-0: Called Strike 3-1: Fly out, F9 (Flyball, 9M)
|
Batting: RHB Mike Peterson
|
0-0: Called Strike 0-1: Called Strike 0-2: Fly out, F3 (Line Drive, 3S)
|
Top of the 1st over - 0 run(s), 0 hit(s), 0 error(s), 0 left on base; Chesapeake 0 - San Bernardino 0 |
BOTTOM OF THE 1ST |
San Bernardino Grasshoppers batting - Pitching for Chesapeake Continentals : RHP Natalino Golaio
|
Pitching: RHP Natalino Golaio
|
|
Batting: RHB Cal Robinson
|
0-0: Ball 1-0: Fly out, F3 (Popup, 23F)
|
Batting: SHB Troy Grant
|
0-0: Ball 1-0: Fly out, F6 (Popup, 5D)
|
Batting: RHB Mark Field
|
0-0: Foul Ball, location: 2F 0-1: Swinging Strike 0-2: Ball 1-2: Strikes out swinging, 2-3 out at first.
|
Bottom of the 1st over - 0 run(s), 0 hit(s), 0 error(s), 0 left on base; Chesapeake 0 - San Bernardino 0 |
TOP OF THE 2ND |
Chesapeake Continentals batting - Pitching for San Bernardino Grasshoppers : RHP Pablo Vargas
|
Batting: LHB John Robertson
|
0-0: Swinging Strike 0-1: Ball 1-1: Ball 2-1: Foul Ball, location: 2F 2-2: SINGLE (Flyball, 89S)
|
Batting: LHB Jim Unknown
|
0-0: Foul Ball, location: 2F 0-1: Ball 1-1: Foul Ball, location: 2F 1-2: Foul Ball, location: 2F 1-2: Ball 2-2: Ball 3-2: Ground out U3 (Groundball, 3S) John Robertson to second
|
Batting: SHB Tim Roberts
|
0-0: Ball 1-0: Ball 2-0: Ball 3-0: Called Strike 3-1: Base on Balls
|
Batting: RHB Brett Callison
|
0-0: Grounds into double play, U4-3 (Groundball, 4)
|
Top of the 2nd over - 0 run(s), 1 hit(s), 0 error(s), 1 left on base; Chesapeake 0 - San Bernardino 0 |
BOTTOM OF THE 2ND |
San Bernardino Grasshoppers batting - Pitching for Chesapeake Continentals : RHP Natalino Golaio
|
Batting: RHB Alfonso Enríquez
|
0-0: Ball 1-0: Foul Ball, location: 2F 1-1: Called Strike 1-2: Ball 2-2: Strikes out looking
|
Batting: RHB Andrew Floyd
|
0-0: Swinging Strike 0-1: Ball 1-1: Fly out, F8 (Flyball, 8LM)
|
Batting: SHB Joe Adams
|
0-0: Ball 1-0: Ball 2-0: Called Strike 2-1: SINGLE (Line Drive, 78M)
|
Batting: RHB Arlen King
|
0-0: Called Strike 0-1: Ball 1-1: Fielders Choice at 2nd, 5-4 (Groundball, 56)
|
Bottom of the 2nd over - 0 run(s), 1 hit(s), 0 error(s), 0 left on base; Chesapeake 0 - San Bernardino 0 |
TOP OF THE 3RD |
Chesapeake Continentals batting - Pitching for San Bernardino Grasshoppers : RHP Pablo Vargas
|
Batting: LHB José Estrada
|
0-0: Called Strike 0-1: Ground out 6-3 (Groundball, 6M)
|
Batting: SHB Juan Ortega
|
0-0: Ball 1-0: Ball 2-0: Ball 3-0: Base on Balls
|
Batting: RHB Gustavo Varela
|
0-0: Ball 1-0: Ball 2-0: Ball 3-0: Called Strike 3-1: Foul Ball, location: 2F 3-2: Strikes out swinging
|
Batting: SHB Pablo Vázquez
|
0-0: Ball 1-0: Foul Ball, location: 2F 1-1: Ball 2-1: Ball 3-1: Swinging Strike 3-2: Strikes out swinging
|
Top of the 3rd over - 0 run(s), 0 hit(s), 0 error(s), 1 left on base; Chesapeake 0 - San Bernardino 0 |
BOTTOM OF THE 3RD |
San Bernardino Grasshoppers batting - Pitching for Chesapeake Continentals : RHP Natalino Golaio
|
Batting: RHB Carlos Meléndez
|
0-0: Called Strike 0-1: Called Strike 0-2: Strikes out swinging
|
Batting: RHB Fernando Díaz
|
0-0: Ball 1-0: Ground out 4-3 (Groundball, 34)
|
Batting: RHB Cal Robinson
|
0-0: Swinging Strike 0-1: Ball 1-1: Ground out 4-3 (Groundball, 4MS)
|
Bottom of the 3rd over - 0 run(s), 0 hit(s), 0 error(s), 0 left on base; Chesapeake 0 - San Bernardino 0 |
TOP OF THE 4TH |
Chesapeake Continentals batting - Pitching for San Bernardino Grasshoppers : RHP Pablo Vargas
|
Batting: RHB Mike Peterson
|
0-0: DOUBLE (Line Drive, 89S)
|
Batting: LHB John Robertson
|
0-0: Ball 1-0: Ball 2-0: Ball 3-0: Called Strike 3-1: Swinging Strike 3-2: Foul Ball, location: 2F 3-2: Base on Balls
|
Batting: LHB Jim Unknown
|
0-0: DOUBLE (Flyball, 78XD) Mike Peterson scores John Robertson to third
|
Batting: SHB Tim Roberts
|
0-0: Ball 1-0: Swinging Strike 1-1: Ball 2-1: Foul Ball, location: 2F 2-2: Ball 3-2: Foul Ball, location: 2F 3-2: Strikes out swinging
|
Batting: RHB Brett Callison
|
0-0: Ball 1-0: Ball 2-0: Foul Ball, location: 2F 2-1: Fly out, F3 (Popup, 3)
|
Batting: LHB José Estrada
|
0-0: Ball 1-0: SINGLE (Groundball, 6MD) John Robertson scores Jim Unknown to third Runner from 3rd tries for Home, SAFE, no throw or cutoff
|
Batting: SHB Juan Ortega
|
0-0: Called Strike 0-1: Ball 1-1: Foul Ball, location: 2F 1-2: Ball 2-2: Strikes out swinging
|
Top of the 4th over - 3 run(s), 3 hit(s), 0 error(s), 1 left on base; Chesapeake 3 - San Bernardino 0 |
BOTTOM OF THE 4TH |
San Bernardino Grasshoppers batting - Pitching for Chesapeake Continentals : RHP Natalino Golaio
|
Batting: SHB Troy Grant
|
0-0: Swinging Strike 0-1: Called Strike 0-2: Ground out 6-3 (Groundball, 6M)
|
Batting: RHB Mark Field
|
0-0: Swinging Strike 0-1: Ball 1-1: Swinging Strike 1-2: Foul Ball, location: 2F 1-2: Ball 2-2: Strikes out looking
|
Batting: RHB Alfonso Enríquez
|
0-0: Foul Ball, location: 2F 0-1: Ball 1-1: Fly out, F7 (Flyball, 7M)
|
Bottom of the 4th over - 0 run(s), 0 hit(s), 0 error(s), 0 left on base; Chesapeake 3 - San Bernardino 0 |
TOP OF THE 5TH |
Chesapeake Continentals batting - Pitching for San Bernardino Grasshoppers : RHP Pablo Vargas
|
Batting: RHB Gustavo Varela
|
0-0: Called Strike 0-1: Ball 1-1: Fly out, F7 (Line Drive, 7S)
|
Batting: SHB Pablo Vázquez
|
0-0: Called Strike 0-1: Swinging Strike 0-2: Ball 1-2: SINGLE (Line Drive, 4MD)
|
Batting: RHB Mike Peterson
|
0-0: Swinging Strike 0-1: Ball 1-1: Ball 2-1: Ball 3-1: Called Strike 3-2: Foul Ball, location: 2F 3-2: Foul Ball, location: 2F 3-2: Foul Ball, location: 2F 3-2: Foul Ball, location: 2F 3-2: Foul Ball, location: 2F 3-2: Foul Ball, location: 2F 3-2: Base on Balls Pablo Vázquez to second
|
Batting: LHB John Robertson
|
0-0: Ball 1-0: Fielders Choice at 2nd, 3-6 (Groundball, 3) Pablo Vázquez to third
|
Batting: LHB Jim Unknown
|
0-0: Ball 1-0: Called Strike 1-1: Swinging Strike 1-2: Ground out U3 (Groundball, 3S)
|
Top of the 5th over - 0 run(s), 1 hit(s), 0 error(s), 2 left on base; Chesapeake 3 - San Bernardino 0 |
BOTTOM OF THE 5TH |
San Bernardino Grasshoppers batting - Pitching for Chesapeake Continentals : RHP Natalino Golaio
|
Batting: RHB Andrew Floyd
|
0-0: Ball 1-0: Ground out 6-3 (Groundball, 6)
|
Batting: SHB Joe Adams
|
0-0: Ball 1-0: Ground out U3 (Groundball, 3L)
|
Batting: RHB Arlen King
|
0-0: Ball 1-0: Ball 2-0: Swinging Strike 2-1: Ball 3-1: Swinging Strike 3-2: SOLO HOME RUN (Flyball, 7D), Distance : 395 ft
|
Batting: RHB Carlos Meléndez
|
0-0: Ball 1-0: SINGLE (Line Drive, 7S)
|
Batting: RHB Fernando Díaz
|
0-0: Called Strike 0-1: Ball 1-1: Called Strike 1-2: Strikes out looking
|
Bottom of the 5th over - 1 run(s), 2 hit(s), 0 error(s), 1 left on base; Chesapeake 3 - San Bernardino 1 |
TOP OF THE 6TH |
Chesapeake Continentals batting - Pitching for San Bernardino Grasshoppers : RHP Pablo Vargas
|
Batting: SHB Tim Roberts
|
0-0: Swinging Strike 0-1: Swinging Strike 0-2: Ball 1-2: Strikes out swinging
|
Batting: RHB Brett Callison
|
0-0: Foul Ball, location: 2F 0-1: Ball 1-1: Foul Ball, location: 2F 1-2: Foul Ball, location: 2F 1-2: Foul Ball, location: 2F 1-2: Foul Ball, location: 2F 1-2: Strikes out swinging
|
Batting: LHB José Estrada
|
0-0: Ball 1-0: Called Strike 1-1: Ball 2-1: Ball 3-1: Ground out 6-3 (Groundball, 6M)
|
Top of the 6th over - 0 run(s), 0 hit(s), 0 error(s), 0 left on base; Chesapeake 3 - San Bernardino 1 |
BOTTOM OF THE 6TH |
San Bernardino Grasshoppers batting - Pitching for Chesapeake Continentals : RHP Natalino Golaio
|
Batting: RHB Cal Robinson
|
0-0: Called Strike 0-1: Ground out 5-3 (Groundball, 5)
|
Batting: SHB Troy Grant
|
0-0: Called Strike 0-1: Ball 1-1: Ball 2-1: Foul Ball, location: 2F 2-2: Ball 3-2: Ground out 3-1 (Groundball, 34)
|
Batting: RHB Mark Field
|
0-0: Swinging Strike 0-1: Ball 1-1: Called Strike 1-2: Foul Ball, location: 2F 1-2: Foul Ball, location: 2F 1-2: Ball 2-2: Ball 3-2: Foul Ball, location: 2F 3-2: Foul Ball, location: 2F 3-2: Foul Ball, location: 2F 3-2: Foul Ball, location: 2F 3-2: SINGLE (Popup, 4)
|
Batting: RHB Alfonso Enríquez
|
0-0: Ball Mark Field steals 2nd base 1-0: Ball 2-0: Ball 3-0: Base on Balls
|
Batting: RHB Andrew Floyd
|
0-0: Called Strike 0-1: Called Strike 0-2: Strikes out looking
|
Bottom of the 6th over - 0 run(s), 1 hit(s), 0 error(s), 2 left on base; Chesapeake 3 - San Bernardino 1 |
TOP OF THE 7TH |
Chesapeake Continentals batting - Pitching for San Bernardino Grasshoppers : RHP Pablo Vargas
|
Batting: SHB Juan Ortega
|
0-0: Ball 1-0: Swinging Strike 1-1: Ball 2-1: Ground out 4-3 (Groundball, 4)
|
Batting: RHB Gustavo Varela
|
0-0: SINGLE (Groundball, 4M)
|
Batting: SHB Pablo Vázquez
|
0-0: Called Strike 0-1: Ball 1-1: Called Strike Gustavo Varela steals 2nd base 1-2: Foul Ball, location: 2F 1-2: Ball 2-2: Fly out, F9 (Flyball, 89M)
|
Pitching: RHP Claudio Cruz
|
|
Batting: RHB Mike Peterson
|
0-0: Called Strike 0-1: Fly out, F7 (Flyball, 78S)
|
Top of the 7th over - 0 run(s), 1 hit(s), 0 error(s), 1 left on base; Chesapeake 3 - San Bernardino 1 |
BOTTOM OF THE 7TH |
San Bernardino Grasshoppers batting - Pitching for Chesapeake Continentals : RHP Natalino Golaio
|
Batting: SHB Joe Adams
|
0-0: Ball 1-0: Ground out 6-3 (Groundball, 6)
|
Batting: RHB Arlen King
|
0-0: Ball 1-0: Swinging Strike 1-1: Ball 2-1: Ball 3-1: Foul Ball, location: 2F 3-2: Base on Balls
|
Batting: RHB Carlos Meléndez
|
0-0: Foul Ball, location: 2F 0-1: Hit by Pitch Arlen King to second
|
Pinch Hitting: RHB Sergio Ortíz
|
0-0: Foul Ball, location: 2F 0-1: Foul Ball, location: 2F 0-2: Foul Ball, location: 2F 0-2: Ball 1-2: Strikes out swinging
|
Pinch Hitting: LHB Dave Harris
|
0-0: Ball 1-0: Foul Ball, location: 2F 1-1: Foul Ball, location: 2F 1-2: Strikes out looking
|
Bottom of the 7th over - 0 run(s), 0 hit(s), 0 error(s), 2 left on base; Chesapeake 3 - San Bernardino 1 |
TOP OF THE 8TH |
Chesapeake Continentals batting - Pitching for San Bernardino Grasshoppers : RHP Claudio Cruz
|
Now at SS: Cecil Cole
|
|
Now in LF: Dave Harris
|
|
Batting: LHB John Robertson
|
0-0: Ball 1-0: Ball 2-0: Called Strike 2-1: Foul Ball, location: 2F 2-2: Strikes out swinging
|
Batting: LHB Jim Unknown
|
0-0: Fly out, F8 (Flyball, 8LM)
|
Batting: SHB Tim Roberts
|
0-0: Called Strike 0-1: Ball 1-1: Foul Ball, location: 2F 1-2: Foul Ball, location: 2F 1-2: Strikes out swinging
|
Top of the 8th over - 0 run(s), 0 hit(s), 0 error(s), 0 left on base; Chesapeake 3 - San Bernardino 1 |
BOTTOM OF THE 8TH |
San Bernardino Grasshoppers batting - Pitching for Chesapeake Continentals : RHP Natalino Golaio
|
Batting: SHB Troy Grant
|
0-0: Ball 1-0: Ball 2-0: Called Strike 2-1: Foul Ball, location: 2F 2-2: Ball 3-2: Base on Balls
|
Batting: RHB Mark Field
|
0-0: Swinging Strike 0-1: Ball 1-1: Fielders Choice at 2nd, 6-4 (Groundball, 6M)
|
Batting: RHB Alfonso Enríquez
|
0-0: Ball 1-0: Called Strike 1-1: SINGLE (Line Drive, 8LS) Mark Field to second Runner from 2nd tries for 3rd, SAFE, no throw or cutoff
|
Pinch Hitting: LHB Eric Porter
|
0-0: SINGLE (Groundball, 34D) Mark Field scores Alfonso Enríquez to second Runner from 2nd tries for 3rd, SAFE, no throw or cutoff
|
Pinch Hitting: LHB Roberto Marino
|
0-0: Grounds into double play, 4-6-3 (Groundball, 4)
|
Bottom of the 8th over - 1 run(s), 2 hit(s), 0 error(s), 1 left on base; Chesapeake 3 - San Bernardino 2 |
TOP OF THE 9TH |
Chesapeake Continentals batting - Pitching for San Bernardino Grasshoppers : RHP Claudio Cruz
|
Pitching: RHP Jim Unknown
|
|
Now at 3B: Bryan Armstrong
|
|
Now in RF: Roberto Marino
|
|
Batting: RHB Brett Callison
|
0-0: Called Strike 0-1: Ball 1-1: Ball 2-1: Foul Ball, location: 2F 2-2: Strikes out swinging
|
Pitching: RHP Steven Jones
|
|
Batting: LHB José Estrada
|
0-0: Ball 1-0: Called Strike 1-1: Swinging Strike 1-2: Foul Ball, location: 2F 1-2: Foul Ball, location: 2F 1-2: Ball 2-2: Fly out, F7 (Popup, 7S)
|
Batting: SHB Juan Ortega
|
0-0: Called Strike 0-1: Ground out 4-3 (Groundball, 4)
|
Top of the 9th over - 0 run(s), 0 hit(s), 0 error(s), 0 left on base; Chesapeake 3 - San Bernardino 2 |
BOTTOM OF THE 9TH |
San Bernardino Grasshoppers batting - Pitching for Chesapeake Continentals : RHP Natalino Golaio
|
Batting: RHB Arlen King
|
0-0: Foul Ball, location: 2F 0-1: Foul Ball, location: 2F 0-2: Foul Ball, location: 2F 0-2: Ball 1-2: Ground out 2-3 (Groundball, 2R)
|
Pinch Hitting: SHB Bernardo Hernández
|
0-0: Fly out, F8 (Flyball, 8RS)
|
Pinch Hitting: LHB Lonnie Austin
|
0-0: Foul Ball, location: 2F 0-1: Ball 1-1: SINGLE (Groundball, 6MD)
|
Pitching: RHP Godfrey Verbiest
|
|
Batting: LHB Dave Harris
|
0-0: Ball 1-0: Ground out U3 (Groundball, 3L)
|
Bottom of the 9th over - 0 run(s), 1 hit(s), 0 error(s), 1 left on base; Chesapeake 3 - San Bernardino 2 |
|